 Dungeon Crawl Stone Soup version 0.30.1-1-g62c8e00024 (webtiles) character file.

Game seed: 9665161768091155006

1577 Gorgoleon the Geomancer (level 8, -2/41 HPs)
             Began as a Gargoyle Earth Elementalist on July 16, 2023.
             Was an Initiate of Vehumet.
             Slain by a gnoll
             ... wielding a +0 halberd
             ... led by a gnoll bouda
              (6 damage)
             ... on level 7 of the Dungeon.
             The game lasted 00:20:46 (5946 turns).

Gorgoleon the Geomancer (GrEE)                      Turns: 5946, Time: 00:20:46

Health: -2/41      AC:  9    Str: 13    XL:     8   Next: 91%
Magic:  6/11       EV: 11    Int: 17    God:    Vehumet [......]
Gold:   1094       SH:  0    Dex: 10    Spells: 1/11 levels left

rFire   + . .        k - +1 whip (holy)
rCold   + . .        (no shield)
rNeg    + . .        a - +0 robe
rPois   ∞            (no helmet)
rElec   +            n - +0 cloak
rCorr   +            (no gloves)
SInv    .            j - +0 pair of boots
Will    .....        (no amulet)
Stlth   ++           (no ring)
HPRegen 0.26/turn    (no ring)
MPRegen 0.12/turn

%: no passive effects
@: resistant, on berserk cooldown, slowed, very slow
A: sickness immunity, AC +5, negative energy resistance 1, electricity
resistance, torment resistance 1, petrification resistance
a: Renounce Religion


You were on level 7 of the Dungeon.
You worshipped Vehumet.
Vehumet was noncommittal.
You visited 2 branches of the dungeon, and saw 8 of its levels.

You collected 1094 gold pieces.

Inventory:

Hand Weapons
 k - a +1 whip of holy wrath (weapon)
Missiles
 c - 49 stones
Armour
 a - a +0 robe (worn)
 j - a +0 pair of boots (worn)
 n - a +0 cloak (worn)
Jewellery
 d - an amulet of magic regeneration
 i - an amulet of guardian spirit
 p - a ring of protection from cold
Wands
 o - a wand of charming (3)
Scrolls
 f - 3 scrolls of fear
 g - 2 scrolls of silence
 h - 3 scrolls of identify
 m - a scroll of teleportation
 u - 2 scrolls of magic mapping
 w - 2 scrolls of fog
Potions
 b - a potion of magic
 e - 4 potions of curing
 l - a potion of flight


   Skills:
 - Level 1.5 Dodging
 - Level 2.1 Stealth
 - Level 2.0 Spellcasting
 - Level 5.0 Conjurations
 - Level 1.0 Transmutations
 + Level 12.1 Earth Magic


You had one spell level left.
You knew the following spells:

 Your Spells              Type           Power      Damage    Failure   Level
a - Sandblast             Erth           86%        2d18      1%          1
b - Stone Arrow           Conj/Erth      60%        3d10      1%          3
c - Passwall              Tmut/Erth      20%        N/A       1%          2
d - Petrify               Tmut/Erth      24%        N/A       13%         4

Your spell library contained the following spells:

 Spells                   Type           Power      Damage    Failure   Level
 Momentum Strike          Conj/Tloc      20%        3d8       11%         2
 Blink                    Tloc           2%         N/A       28%         2
 Ensorcelled Hibernation  Hex/Ice        2%         N/A       28%         2
 Lesser Beckoning         Tloc           2%         N/A       28%         2
 Frozen Ramparts          Ice            2%         1d1       50%         3
 Swiftness                Air            1%         N/A       50%         3
 Ice Form                 Ice/Tmut       3%         N/A       83%         4
 Summon Ice Beast         Ice/Summ       1%         N/A       88%         4


Dungeon Overview and Level Annotations

Branches:
Dungeon (7/15)             Temple (1/1) D:5

Altars:
Ashenzari
Cheibriados
Dithmenos
Elyvilon
Fedhas
Gozag
Hepliaklqana
Kikubaaqudgha
Makhleb
Nemelex Xobeh
Okawaru
Qazlal
Ru
Sif Muna
Uskayaw
Vehumet
Wu Jian
Xom
Yredelemnul
Zin
The Shining One

Shops:
D:2 *


Innate Abilities, Weirdness & Mutations

You are immune to sickness and miasma.
Your stone body is resilient. (AC +5)
You are immune to poison.
You resist negative energy. (rN+)
You are resistant to electric shocks. (rElec)
You are resistant to unholy torment.
You are immune to petrification.


Message History

The gnoll hits you but does no damage.
You whack the gnoll bouda!
You kill the gnoll bouda!
Vehumet accepts your kill.
The gnoll hits you from afar with a +0 halberd.
The gnoll hits you with a +0 halberd!
* * * LOW HITPOINT WARNING * * *
Things that are here:
a +0 whip of pain; a +0 robe You closely miss the gnoll.
The gnoll barely misses you. The gnoll hits you with a +0 halberd.
* * * LOW HITPOINT WARNING * * *
You barely miss the gnoll. You punch the gnoll.
The gnoll is lightly wounded.
The gnoll hits you but does no damage.
The gnoll hits you from afar with a +0 halberd.
* * * LOW HITPOINT WARNING * * *
You whack the gnoll!
The gnoll is severely wounded.
You closely miss the gnoll.
The gnoll is severely wounded.
The gnoll hits you from afar with a +0 halberd.
* * * LOW HITPOINT WARNING * * *
The gnoll misses you.
You barely miss the gnoll.
The gnoll is severely wounded.
The gnoll closely misses you. x2
You whack the gnoll!
You kill the gnoll!
Vehumet accepts your kill. The gnoll closely misses you.
You see here a +0 halberd.
You closely miss the gnoll. The gnoll closely misses you.
You barely miss the gnoll. The gnoll misses you.
You whack the gnoll!
The gnoll is almost dead.
You are no longer berserk.
You are exhausted.
You feel yourself slow down. The gnoll hits you with a +0 halberd.
You die...

.... ... ... >.#
#g#####.. #.......#
#############.....#
........)@gS..#(..#
###########.......#
###..####..# #...##
## .# ###.###
....####...# .
#........###....
##########.##.....#
#......)...######....


You could see a water moccasin and a gnoll (swift).

Vanquished Creatures
  Eustachio (D:6)
  A water moccasin (D:6)
  2 centaurs
  2 scorpions
  2 bullfrogs (D:7)
  2 gnoll sergeants (D:6)
  A wight (D:6)
  A howler monkey (D:6)
  4 hounds
  3 jellies
  A gnoll bouda (D:7)
  An iguana (D:5)
  4 sleepcaps
  An orc wizard (D:4)
  11 gnolls
  10 adders
  A shadow imp (D:6)
  2 ufetubi
  2 worms (D:3)
  2 dart slugs
  17 orcs
  4 endoplasms
  7 giant cockroaches
  4 goblins
  8 hobgoblins
  6 jackals
  7 kobolds
  3 quokkas
  2 ball pythons
  4 bats
  A frilled lizard (D:2)
  5 rats
  A spectral orc (D:5)
123 creatures vanquished.

Notes
Turn   | Place    | Note
-------+----------+-------------------------------------------
     0 | D:1      | Gorgoleon the Gargoyle Earth Elementalist began the quest
                  | for the Orb.
     0 | D:1      | Reached XP level 1. HP: 10/10 MP: 3/3
   113 | D:1      | Reached skill level 4 in Earth Magic
   125 | D:1      | Reached skill level 1 in Transmutations
   126 | D:1      | Reached XP level 2. HP: 15/15 MP: 1/5
   865 | D:2      | Reached skill level 5 in Earth Magic
   865 | D:2      | Reached XP level 3. HP: 9/19 MP: 6/6
   912 | D:2      | Learned a level 3 spell: Stone Arrow
   915 | D:2      | Learned a level 2 spell: Passwall
  1004 | D:2      | Found Bymep's General Store.
  1810 | D:3      | Reached XP level 4. HP: 23/24 MP: 3/7
  1954 | D:3      | Found a hide-covered altar of Uskayaw.
  1972 | D:3      | Found a faded altar of an unknown god.
  2010 | D:3      | Reached skill level 6 in Earth Magic
  2673 | D:3      | HP: 1/24 [gnoll/+0 club (7)]
  2675 | D:3      | Reached XP level 5. HP: 2/28 MP: 8/8
  2786 | D:3      | Reached skill level 1 in Conjurations
  2884 | D:3      | Reached skill level 7 in Earth Magic
  3003 | D:4      | Identified a scroll of acquirement
  3003 | D:4      | Acquired 625 gold pieces
  3152 | D:4      | Reached XP level 6. HP: 32/32 MP: 3/9
  3403 | D:5      | Entered Level 5 of the Dungeon
  3414 | D:4      | Reached skill level 8 in Earth Magic
  3633 | D:5      | Reached XP level 7. HP: 36/36 MP: 3/10
  3642 | D:5      | Learned a level 4 spell: Petrify
  3797 | D:5      | Found a staircase to the Ecumenical Temple.
  3810 | Temple   | Entered the Ecumenical Temple
  3964 | Temple   | Became a worshipper of Vehumet
  4105 | D:5      | Reached skill level 9 in Earth Magic
  4342 | D:5      | Found a basalt altar of Yredelemnul.
  4779 | D:6      | Reached skill level 10 in Earth Magic
  4947 | D:6      | Reached XP level 8. HP: 28/41 MP: 7/11
  5319 | D:6      | Reached skill level 11 in Earth Magic
  5596 | D:6      | Noticed Eustachio
  5605 | D:6      | Killed Eustachio
  5918 | D:7      | Reached skill level 12 in Earth Magic
  5925 | D:7      | Reached skill level 5 in Conjurations
  5946 | D:7      | Slain by a gnoll

Illustrated notes

Levels and vault maps discovered:
D:1:      minmay_arrival_loop, layout_loops_ring, nrook_mini_backslash,
          minmay_3d_cube
D:2:      layout_basic, serial_shops, nicolae_shop_tiny_glass
D:3:      layout_rooms, nicolae_uskayaw_murder_on_the_dancefloor,
          ebering_ecumenical_altar_hall
D:4:      layout_basic
D:5:      layout_layer_cave, yredelemnul_forgotten_temple_becter,
          minmay_temple_entry_slanted, kb_lookout_dungeons_type
D:6:      kennysheep_six_static_rooms, layout_loops_ring, uniq_eustachio
D:7:      layout_rooms, hangedman_abyss_or_decor_slice
Temple:   nicolae_temple_slightly_damp_pantheon

Skill      XL: |  1  2  3  4  5  6  7  8 |
---------------+-------------------------+-----
Earth Magic    | 4 5 6 7 8 10 12 | 12.1
Transmutations | 1 |  1.0
Conjurations   | 2 3 5 |  5.0
Dodging        | |  1.5
Stealth        | |  2.1
Spellcasting   | |  2.0

Action                     |  1- 3 |  4- 6 |  7- 9 || total
---------------------------+-------+-------+-------++-------
  Melee: Unarmed           |    17 |       |       ||    17
         Mace              |   112 |     4 |       ||   116
         Punch             |     1 |     1 |     2 ||     4
         Whip              |       |   116 |    19 ||   135
  Throw: Stone             |       |     3 |       ||     3
   Cast: Sandblast         |    11 |    82 |    73 ||   166
    Use: Scroll            |       |     9 |     5 ||    14
         Potion            |       |     5 |     3 ||     8
   Stab: Sleeping          |     2 |     1 |       ||     3
 Armour: Robe              |    75 |    64 |    17 ||   156
  Dodge: Dodged            |    86 |   124 |    38 ||   248
